 Dungeon Crawl Stone Soup version 0.21-a0-67-g3f13d09 (webtiles) character file.

0 wazuzu the Ducker (level 1, -1/11 HPs)
             Began as a Spriggan Abyssal Knight on June 17, 2017.
             Was a Follower of Lugonu.
             Killed from afar by a starcursed mass (5 damage)
             ... with an accursed screaming
             ... on level 4 of the Abyss.
             The game lasted 00:04:52 (394 turns).

wazuzu the Ducker (Spriggan Abyssal Knight)          Turns: 394, Time: 00:04:53

Health: -1/11      AC:  2    Str:  8    XL:     1   Next: 0%
Magic:  3/3        EV: 18    Int: 13    God:    Lugonu [*.....]
Gold:   181        SH:  0    Dex: 13    Spells: 0/0 levels left

rFire    . . .     SeeInvis +   a - +1 short sword
rCold    . . .     Gourm    .   (shield restricted)
rNeg     . . .     Faith    .   b - +0 robe
rPois    .         Spirit   .   (helmet restricted)
rElec    .         Reflect  .   (no cloak)
rCorr    .         Harm     .   (gloves unavailable)
MR       .....                  (boots unavailable)
Stlth    +.........             (no amulet)
HPRegen  0.00/turn              f - +2 ring of dexterity
MPRegen  0.08/turn              (no ring)

@: non-regenerating, mildly diseased, very quick
A: unfitting armour, see invisible, [clumsy 2], herbivore 3, speed 3, slow
metabolism 2
a: Depart the Abyss, Renounce Religion


You were on level 4 of the Abyss.
You worshipped Lugonu.
Lugonu was aware of your devotion.
You were not hungry.

You visited 0 branches of the dungeon, and saw 0 of its levels.
You visited the Abyss 1 time.

You collected 181 gold pieces.

Inventory:

Hand Weapons
 a - a +1 short sword (weapon)
Armour
 b - a +0 robe (worn)
Jewellery
 f - a +2 ring of dexterity (left hand)
Scrolls
 d - a scroll of enchant weapon {unknown}
 g - a scroll of enchant armour {unknown}
Comestibles
 c - a bread ration


   Skills:
 + Level 2.4 Fighting
 + Level 2.1 Short Blades
 + Level 3.5 Dodging
 + Level 1.7 Invocations


You couldn't memorise any spells.
You didn't know any spells.

Dungeon Overview and Level Annotations

Branches:
Dungeon (0/15)

Altars:


Innate Abilities, Weirdness & Mutations

You are very small and have problems with some larger weapons.
You are too small for most types of armour.
You have supernaturally acute eyesight. (SInv)
You are a herbivore.
You cover ground extremely quickly.
You need consume almost no food.
[You are very clumsy. (Dex -4)]


Message History

Found a gateway leading deeper into the Abyss.
The tormentor roars!
There is a gateway leading deeper into the Abyss here.
You plunge deeper into the Abyss.
The abyssal rune of Zot can be found at this depth.
Found 27 gold pieces.
It was a potion of flight.
You feel very buoyant.
You fly up into the air.
You now have 173 gold pieces (gained 27).
Found 8 gold pieces.
You now have 181 gold pieces (gained 8).
You are starting to lose your buoyancy.
You float gracefully downwards.
You aren't carrying any potions.
A starcursed mass comes into view.
Found 30 gold pieces.
A starcursed mass splits.
A chorus of shrieks assaults your mind.
You die...

... .. .... ..
....# .# .... .
.# ###... ...
#$###.#..#
.....#.#..##..#
.X......@...##
.X..#.##.#...#
# # # #.#..#..#
###...### #...
# ##..#.#
#..#.## #.#..#
### ###..## .#


You could see 2 starcursed masses.

Vanquished Creatures (others)
  2 starspawn tentacles (Abyss:3)
2 creatures vanquished.

Notes
Turn   | Place    | Note
-------+----------+-------------------------------------------
     0 | Abyss:1  | wazuzu the Spriggan Abyssal Knight began the quest for the Orb.
     0 | Abyss:1  | Reached XP level 1. HP: 11/11 MP: 3/3
    62 | Abyss:1  | Noticed a ynoxinul
    89 | Abyss:1  | Noticed a large abomination
   100 | Abyss:1  | Noticed a wretched star
   108 | Abyss:1  | Noticed a hellwing
   142 | Abyss:1  | Noticed a blink frog
   159 | Abyss:2  | Noticed an ancient zyme
   173 | Abyss:2  | Noticed a small abomination
   212 | Abyss:3  | Noticed a tentacled starspawn
   296 | Abyss:3  | Noticed a small abomination
   312 | Abyss:3  | Noticed a raiju
   314 | Abyss:3  | Noticed an eidolon
   316 | Abyss:3  | Noticed a raiju
   316 | Abyss:3  | Noticed a chaos spawn
   318 | Abyss:3  | Noticed an ancient zyme
   324 | Abyss:3  | Noticed a quasit
   328 | Abyss:3  | Noticed a tormentor
   393 | Abyss:4  | Noticed a starcursed mass
   394 | Abyss:4  | Killed from afar by a starcursed mass

Vault maps used:
Abyss:3:  nicolae_abyss_rune_star_stuff, evilmike_abyss_exit_plants
Abyss:4:  minivault_5, hangedman_decor_riveting,
          due_evilmike_abyss_rune_seething_liches, evilmike_abyss_exit_13,
          small_statue_intersection

Action                   || total
-------------------------++-------
  Use: Potion            ||     1
Armor: Robe              ||     1
Dodge: Dodged            ||     5
